 Dungeon Crawl Stone Soup version 0.27-a0-1193-g8631133539 (webtiles) character file.

Game seed: 4004991908547213028

100 rjrrt the Chopper (level 4, -4/52 HPs)
             Began as a Demonspawn Berserker on May 26, 2021.
             Was a Believer of Trog.
             Killed from afar by Sigmund (5 damage)
             ... with a puff of flame
             ... on level 3 of the Dungeon.
             The game lasted 00:02:34 (2690 turns).

rjrrt the Chopper (Demonspawn Berserker)            Turns: 2690, Time: 00:02:34

Health: -4/52      AC:  5    Str: 19    XL:     4   Next: 46%
Magic:  4/4        EV: 11    Int:  8    God:    Trog [**....]
Gold:   173        SH:  0    Dex: 12    Spells: 3/3 levels left

rFire    . . .     SeeInvis .   a - +0 hand axe
rCold    + . .     Faith    .   (no shield)
rNeg     . . .     Spirit   .   i - +0 ring mail
rPois    .         Reflect  .   (no helmet)
rElec    .         Harm     .   (no cloak)
rCorr    .         Rampage  .   (no gloves)
Will     .....                  (no boots)
Stlth    ..........             (no amulet)
HPRegen  0.17/turn              f - ring of protection from cold
MPRegen  0.09/turn              (no ring)

@: berserking (expiring), very quick
A: spiny 1
a: Renounce Religion, Berserk, Trog's Hand


You were on level 3 of the Dungeon.
You worshipped Trog.
Trog was pleased with you.
You visited 1 branch of the dungeon, and saw 3 of its levels.

You collected 173 gold pieces.

Inventory:

Hand Weapons
 a - a +0 hand axe (weapon)
Missiles
 c - 3 boomerangs (quivered)
 j - 13 poisoned darts
Armour
 i - a +0 ring mail (worn)
Jewellery
 f - a ring of protection from cold (left hand)
Scrolls
 d - 3 scrolls of identify {unknown}
 e - a scroll of amnesia {unknown}
 h - a scroll of vulnerability {unknown}
 k - 3 scrolls of teleportation {unknown}
 l - a scroll of noise {unknown}
 m - a scroll of enchant armour {unknown}
 n - a scroll of magic mapping {unknown}
Potions
 b - a potion of lignification {unknown}
 g - 2 potions of flight {unknown}
 o - a potion of brilliance {unknown}


   Skills:
 - Level 3.0 Fighting
 + Level 4.8 Axes
 - Level 1.7 Armour
 - Level 1.7 Dodging


You had 3 spell levels left.
You didn't know any spells.
Your spell library was empty.

Dungeon Overview and Level Annotations

Branches:
Dungeon (3/15)

Altars:

Annotations:
D:3 Sigmund


Innate Abilities, Weirdness & Mutations

You are partially covered in sharp spines.


Message History

No target in view!
Sigmund the Dreaded comes into view.
He is wielding a +2 vampiric scythe.
An adder comes into view.
The adder hisses angrily.
Sigmund gestures at you while chanting. The magic dart hits you!
You hit Sigmund.
Sigmund is lightly wounded.
Sigmund is struck by your spines.
Sigmund hits you with a +2 vampiric scythe.
A red film seems to cover your vision as you go berserk!
You feel yourself moving faster!
You feel mighty! Sigmund is struck by your spines.
Sigmund hits you with a +2 vampiric scythe.
You feel a strong urge to attack something.
Sigmund is struck by your spines. Sigmund misses you.
You hit Sigmund.
Sigmund is heavily wounded.
You closely miss Sigmund.
Sigmund is heavily wounded.
Sigmund hits you with a +2 vampiric scythe!
Sigmund draws strength from your wounds!
You closely miss Sigmund.
Sigmund is moderately wounded.
Sigmund is struck by your spines.
Sigmund hits you with a +2 vampiric scythe!
* * * LOW HITPOINT WARNING * * *
Sigmund draws strength from your wounds!
You slash Sigmund!
Sigmund is severely wounded.
Your ring mail prevents you from hitting Sigmund.
Sigmund is severely wounded.
Sigmund hits you with a +2 vampiric scythe!
* * * LOW HITPOINT WARNING * * *
Sigmund draws strength from your wounds!
You barely miss Sigmund.
Sigmund is moderately wounded.
Sigmund points at you and mumbles some strange words.
The puff of flame hits you.
You die...

.##################
..................######
##......#########.......
####.#@@S...# ########
#.###.....# # # ...#..
.# .... .. .##.. ## # .
# # .# ..


You could see Sigmund and an adder.

Vanquished Creatures
  Jessica (D:2)
  An adder (D:3)
  4 dart slugs
  2 ball pythons
  6 bats
  3 endoplasms
  4 giant cockroaches
  9 goblins
  6 hobgoblins
  6 jackals
  3 kobolds
  A quokka (D:2)
  4 frilled lizards
  A rat (D:1)
51 creatures vanquished.

Vanquished Creatures (others)
  2 plants (D:2)
2 creatures vanquished.

Grand Total: 53 creatures vanquished

Notes
Turn   | Place    | Note
-------+----------+-------------------------------------------
     0 | D:1      | rjrrt the Demonspawn Berserker began the quest for the Orb.
     0 | D:1      | Reached XP level 1. HP: 18/18 MP: 1/1
   125 | D:1      | Reached skill level 3 in Axes
   318 | D:1      | Gained mutation: You are partially covered in sharp spines.
                  | [demonic ancestry]
   318 | D:1      | Reached XP level 2. HP: 24/24 MP: 2/2
  1440 | D:2      | Noticed Jessica
  1448 | D:2      | Killed Jessica
  1449 | D:2      | Reached skill level 4 in Axes
  1449 | D:2      | Reached XP level 3. HP: 29/29 MP: 3/3
  1949 | D:2      | Reached ** piety under Trog
  1951 | D:2      | Reached XP level 4. HP: 30/35 MP: 4/4
  2680 | D:3      | Noticed Sigmund
  2689 | D:3      | HP: 1/52 [Sigmund/+2 vampiric scythe (13)]
  2690 | D:3      | Killed from afar by Sigmund

Illustrated notes

Levels and vault maps discovered:
D:1:      tarquinn_simple_flora_water_b, layout_basic
D:2:      layout_loops_cross, glass_columns_b, minmay_hedge_maze,
          guppyfry_early_lair_pool, uniq_jessica
D:3:      layout_rooms, nicolae_overflow_hidden_temple, old_standard_altar,
          uniq_sigmund

Skill      XL: |  1  2 |
---------------+-------+-----
Axes           | 3 4 |  4.8
Fighting       | |  3.0
Armour         | |  1.7
Dodging        | |  1.7

Action                   |  1- 3 |  4- 6 || total
-------------------------+-------+-------++-------
Melee: Hand axe          |    67 |    38 ||   105
Invok: Berserk           |     1 |     1 ||     2
 Stab: Sleeping          |     2 |       ||     2
Armor: Animal skin       |     4 |       ||     4
       Ring mail         |     8 |     8 ||    16
Dodge: Dodged            |    48 |    20 ||    68

Table legend: (Time is in decaauts)
 A = Elapsed time spent in this place.
 B = Non-inter-level travel time spent in this place.
 C = Inter-level travel time spent in this place.
 D = Time resting spent in this place.
 E = Time spent auto-exploring this place.
 F = Levels seen in this place.
 G = Mean time per level.
                   A        B        C        D        E       F      G
               +--------+--------+--------+--------+--------+-----+--------+
         Total |   2710 |   2540 |    170 |      2 |   2177 |   3 |  903.3 |
       Dungeon |   2710 |   2540 |    170 |      2 |   2177 |   3 |  903.3 |
               +--------+--------+--------+--------+--------+-----+--------+

Top non-repeatable levels by time:
     D:1: 1425 daAuts
     D:2: 956 daAuts
     D:3: 328 daAuts
